Map: Disco Bloodbath LE

Players

Mez - Winner!

  • Race: Terran Terran
  • League: Master
  • Spawn Location: 9:00

Quezacoalt

  • Race: Terran Terran
  • League: Master
  • Spawn Location: 3:00

VOD

Have the link to the VOD?

Description

Time

  • Played on: Sept. 3, 2019, 6:05 a.m.
  • Length: 17:23
Show
View Real Time Build Order
Export as new Build Order

Mez Terran - Winner!

Build Orders: Gas First Reaper Expand, Hellion Opening 

Get SALT Encoding   

  12  0:00  SCV  
  13  0:13  SCV  
  14  0:17  Supply Depot  
  14  0:25  SCV  
  14  0:27  Refinery  
  15  0:39  SCV  
  16  0:45  Barracks  
  16  0:51  SCV  
  17  1:03  SCV  
  18  1:15  SCV  
  19  1:33  Orbital Command, Reaper  
  20  1:45  Command Center  
  20  2:00  SCV  
  21  2:02  Factory  
  21  2:12  SCV  
  22  2:16  Supply Depot, Barracks Reactor  
  22  2:19  Refinery  
  22  2:30  SCV  
  22  2:44  SCV  
  23  2:50  Starport  
  23  2:56  Hellion x2  
  23  2:58  Orbital Command  
  27  2:59  Barracks Tech Lab  
  28  3:19  Hellion x2  
  32  3:21  Marauder  
  32  3:23  Concussive Shells  
  33  3:27  Medivac  
  35  3:41  Hellion x2  
  39  3:43  Marauder  
  41  3:51  SCV x2  
  43  3:56  Supply Depot  
  43  3:58  Starport Tech Lab  
  41  4:18  Raven  
  41  4:19  SCV x2  
  41  4:20  Supply Depot  
  41  4:22  Marine x2  
  47  4:25  Cyclone  
  47  4:31  SCV x2, Supply Depot  
  52  4:43  SCV  
  38  5:08  SCV x2  
  38  5:10  Siege Tank  
  41  5:16  Barracks  
  41  5:18  Starport Reactor  
  41  5:19  Barracks  
  42  5:21  SCV x2  
  43  5:29  Marine  
  43  5:30  Stimpack  
  43  5:31  Command Center  
  43  5:33  SCV x2  
  43  5:34  Refinery  
  46  5:36  Refinery  
  46  5:45  SCV x2  
  46  5:46  Siege Tank  
  46  5:47  Marine  
  52  5:57  SCV x2  
  52  6:03  Starport Reactor  
  54  6:05  Marine  
  54  6:08  Marine x2  
  54  6:09  SCV  
  54  6:10  SCV  
  59  6:18  Marine x2  
  59  6:21  SCV  
  59  6:22  SCV  
  59  6:23  Marine, Barracks x2  
  64  6:34  Marine x2, SCV x2  
  64  6:36  Marine x2  
  70  6:42  Marine, Supply Depot  
  70  6:43  Siege Tank  
  70  6:44  Orbital Command, Supply Depot  
  70  6:46  SCV x2  
  76  6:52  Marine  
  77  6:54  Medivac x2  
  77  6:55  Marine  
  77  6:56  Marine x2  
  77  6:58  SCV  
  85  7:04  Engineering Bay  
  85  7:06  SCV  
  85  7:07  Engineering Bay  
  86  7:10  SCV  
  87  7:17  Siege Tank, SCV  
  87  7:18  SCV  
  87  7:22  SCV  
  92  7:29  SCV  
  93  7:30  SCV  
  93  7:31  Combat Shield  
  93  7:33  Terran Infantry Armor Level 1, Terran Infantry Weapons Level 1  
  93  7:34  SCV  
  95  7:40  Marine x2  
  95  7:41  Barracks Reactor x2  
  95  7:42  Marine x2  
  95  7:43  Medivac  
  100  7:50  SCV  
  101  8:04  Supply Depot  
  101  8:05  Supply Depot  
  101  8:07  Supply Depot  
  101  8:08  Armory  
  101  8:09  Supply Depot  
  101  8:13  Missile Turret  
  101  8:14  Missile Turret  
  101  8:18  Marine  
  101  8:19  Marine  
  101  8:24  Marine x2  
  101  8:25  Marine x5  
  101  8:26  Siege Tank, SCV, Medivac  
  109  8:36  Marine  
  109  8:37  Marine  
  110  8:42  Marine x2  
  110  8:43  Marine x2  
  110  8:46  Marine x3  
  110  8:48  SCV, Medivac  
  119  8:49  SCV x2  
  119  8:54  Marine, Command Center  
  123  8:56  Medivac  
  123  8:57  Missile Turret  
  123  8:58  Missile Turret  
  123  9:01  SCV  
  126  9:06  Supply Depot  
  126  9:07  Supply Depot  
  126  9:21  Marine x6  
  126  9:22  Marine  
  133  9:26  Supply Depot  
  133  9:27  Marine x2  
  133  9:28  SCV x3  
  133  9:29  Terran Infantry Armor Level 2, Terran Infantry Weapons Level 2  
  133  9:30  Armory  
  133  9:31  Supply Depot  
  138  9:32  Terran Vehicle Weapons Level 1  
  138  9:33  Medivac x2  
  142  9:40  SCV  
  142  9:42  Marine, Refinery  
  142  9:43  Marine x5  
  142  9:45  Refinery  
  148  9:48  Siege Tank  
  148  9:50  Factory  
  151  10:10  Marine x5  
  156  10:20  Cyclone  
  159  10:23  Marine x4  
  159  10:27  Marine  
  164  10:29  Barracks  
  164  10:30  Barracks  
  164  10:31  Barracks  
  164  10:32  Marine  
  164  10:33  Marine  
  164  10:34  Sensor Tower  
  166  10:39  Planetary Fortress  
  166  10:40  Sensor Tower  
  166  10:42  Marine x6  
  172  10:45  Marine  
  173  10:50  Marine  
  174  11:00  Marine x6  
  180  11:05  Factory Tech Lab  
  180  11:16  Marine x3, Siege Tank, SCV x2  
  180  11:17  Refinery x2  
  180  11:18  Marine, Barracks Reactor x3  
  179  11:48  Siege Tank  
  179  11:49  Terran Vehicle Weapons Level 2, Terran Infantry Armor Level 3, Terran Infantry Weapons Level 3  
  179  11:52  Starport  
  179  11:53  Starport  
  180  12:20  Marine, Siege Tank  
  180  12:21  Marine x7  
  191  12:30  Command Center  
  169  12:37  Command Center  
  152  12:51  Viking x2  
  156  12:55  Starport Reactor  
  156  12:56  Starport Tech Lab  
  154  13:02  Marine x9  
  150  13:14  Viking  
  152  13:20  Viking  
  152  13:21  Viking  
  156  13:28  Cyclone  
  159  13:44  Orbital Command, Viking  
  161  13:50  Viking, Planetary Fortress  
  161  13:51  Viking  
  161  13:52  Missile Turret  
  161  13:54  Marine x4  
  161  13:55  Marine x2, Viking  
  171  13:56  Viking  
  171  13:58  Starport  
  171  13:59  Starport  
  171  14:00  Refinery  
  175  14:17  Refinery  
  162  14:31  Marine  
  162  14:32  Marine x11  
  162  14:33  Viking x2  
  178  14:49  Cyclone  
  178  14:50  Cyclone  
  179  14:53  Liberator x5  
  179  15:03  Sensor Tower  
  194  15:15  Fusion Core  
  144  15:34  Marine  
  144  15:35  Marine x11  
  137  15:36  Liberator x3  
  137  15:40  Marine x3  
  132  15:44  Siege Tank x2  
  138  15:52  Marine  
  138  15:53  Marine  
  143  16:03  Viking x2  
  129  16:20  Command Center  
  117  16:41  Viking x3  
  117  16:42  Viking  
  117  16:43  Marine x15  
  146  17:00  Marine x2  
  146  17:01  Marine x2  
  149  17:07  Starport Reactor x2  
  150  17:08  Sensor Tower  
Show
View Real Time Build Order
Export as new Build Order

Quezacoalt Terran 

Build Orders:  

Get SALT Encoding   

  12  0:01  SCV  
  13  0:14  SCV  
  13  0:18  Supply Depot  
  14  0:26  SCV  
  15  0:32  Refinery  
  15  0:40  SCV  
  16  0:45  Barracks  
  16  0:52  SCV  
  17  1:04  SCV  
  18  1:16  SCV  
  19  1:30  SCV, Refinery  
  20  1:45  Reaper  
  22  1:47  Command Center  
  22  1:53  Orbital Command  
  21  1:57  Refinery  
  21  2:08  Factory  
  21  2:17  Reaper  
  22  2:27  SCV  
  23  2:37  Supply Depot  
  23  2:55  Factory Tech Lab  
  23  2:57  Starport  
  23  2:58  Marine, SCV  
  23  3:01  Orbital Command  
  25  3:10  SCV  
  26  3:15  Cyclone  
  26  3:18  Marine  
  30  3:22  SCV  
  31  3:27  SCV  
  32  3:35  SCV  
  32  3:36  Starport Tech Lab  
  32  3:38  Barracks Reactor  
  32  3:40  SCV  
  34  3:45  Refinery  
  34  3:47  SCV  
  35  3:54  SCV  
  36  3:59  SCV, Supply Depot  
  36  4:01  Command Center  
  37  4:03  Supply Depot  
  37  4:06  SCV  
  36  4:13  Siege Tank  
  36  4:14  Raven  
  36  4:16  SCV  
  42  4:18  SCV  
  43  4:28  SCV  
  43  4:29  Marine x2  
  43  4:30  SCV  
  47  4:35  Barracks  
  47  4:38  Barracks  
  47  4:41  SCV  
  47  4:43  SCV  
  34  5:02  SCV  
  34  5:03  SCV  
  32  5:14  SCV, Orbital Command  
  32  5:15  SCV  
  34  5:22  Raven  
  34  5:26  SCV  
  34  5:27  SCV  
  34  5:28  Marine x2  
  41  5:30  Barracks Reactor  
  40  5:39  SCV x2  
  40  5:42  SCV, Engineering Bay  
  43  5:43  Engineering Bay  
  43  5:47  Marine x2, Stimpack  
  43  5:49  Marine  
  46  5:51  SCV x2  
  46  5:54  SCV  
  49  6:03  SCV x2  
  51  6:12  Siege Tank  
  51  6:14  Marine x3  
  51  6:15  Medivac, Barracks Reactor  
  51  6:16  SCV x3  
  59  6:28  SCV x3  
  61  6:33  Marine  
  61  6:34  Marine x2  
  63  6:40  SCV x2  
  63  6:43  SCV  
  63  6:44  Refinery  
  66  6:51  Marine x3  
  66  6:52  Missile Turret  
  71  6:55  Marine x2, Siege Tank  
  71  6:56  SCV  
  71  6:57  SCV  
  76  7:06  SCV  
  77  7:18  Supply Depot  
  77  7:19  Supply Depot x2  
  77  7:29  Terran Infantry Weapons Level 1  
  77  7:33  Terran Infantry Armor Level 1  
  77  7:40  Marine x3, SCV x2, Viking x2  
  87  7:46  Orbital Command  
  87  7:48  Marine x2  
  89  7:54  Barracks x2, SCV x2  
  89  7:57  Marine  
  91  8:03  Marine  
  91  8:04  Marine  
  91  8:05  Siege Tank  
  96  8:06  Marine, SCV x2  
  96  8:07  Refinery  
  96  8:10  Viking  
  96  8:11  Refinery  
  101  8:16  Supply Depot  
  101  8:17  Supply Depot  
  101  8:30  Marine x2, SCV  
  101  8:32  Marine x2, SCV, Viking  
  85  8:52  Marine x2  
  85  8:53  Marine, Barracks Reactor  
  85  8:54  Barracks Reactor  
  85  8:55  Marine x2  
  90  8:57  Siege Tank, Barracks  
  90  8:58  SCV x3  
  90  8:59  Barracks  
  96  9:04  Medivac, Viking  
  96  9:08  Combat Shield  
  100  9:10  Marine x3  
  100  9:16  Missile Turret x2  
  101  9:17  Missile Turret  
  101  9:20  Marine  
  101  9:21  Marine  
  101  9:27  Factory  
  101  9:28  Marine x2  
  101  9:31  Supply Depot x2, Armory  
  103  9:33  SCV x2  
  103  9:35  SCV  
  103  9:38  Medivac x2  
  108  9:39  Siege Tank  
  108  9:45  SCV x2  
  115  9:47  SCV  
  116  9:57  SCV  
  110  10:07  Marine x3  
  110  10:08  Marine x3  
  110  10:12  Hellion  
  118  10:15  Factory Tech Lab  
  118  10:17  Medivac x2  
  121  10:22  SCV x2  
  121  10:23  SCV  
  121  10:25  Marine  
  125  10:30  Terran Infantry Armor Level 2, Terran Infantry Weapons Level 2  
  125  10:32  Terran Vehicle Weapons Level 1  
  125  10:33  Siege Tank  
  125  10:34  SCV  
  129  10:36  Command Center  
  129  10:37  Refinery  
  129  10:41  Refinery  
  129  10:44  Sensor Tower  
  129  10:51  Marine x4  
  133  10:58  Supply Depot x2  
  133  10:59  Marine x5, Supply Depot x2  
  128  11:09  Marine x4  
  132  11:17  Marine  
  133  11:19  Marine x4  
  133  11:20  Command Center  
  137  11:26  Marine, Barracks Reactor x2  
  137  11:27  Marine x3  
  141  11:34  Marine  
  141  11:37  Marine x4  
  144  11:44  Marine  
  144  11:45  Marine  
  144  11:54  Marine  
  144  11:55  Marine x6  
  151  12:02  Marine x2, Siege Tank x2  
  159  12:11  Marine  
  159  12:12  Marine x5  
  165  12:27  Supply Depot  
  165  12:28  Supply Depot  
  165  12:30  Supply Depot  
  165  12:31  Marine x2, SCV x3, Supply Depot  
  165  12:32  Command Center  
  165  12:34  Siege Tank  
  165  12:36  Refinery  
  149  12:40  Marine  
  149  12:41  Marine x10  
  149  12:43  SCV  
  154  12:49  Marine x2  
  149  13:26  Marine x2  
  149  13:27  Marine x6, Siege Tank  
  151  13:28  Siege Tank  
  151  13:29  Medivac x2  
  151  13:32  Terran Vehicle Weapons Level 2, Terran Infantry Armor Level 3, Terran Infantry Weapons Level 3  
  151  13:34  SCV x2  
  169  13:35  SCV  
  170  13:46  SCV x2  
  170  13:47  SCV  
  173  13:51  Marine  
  173  13:52  Marine x5  
  179  14:00  Marine x2, Siege Tank x2  
  179  14:02  SCV x3  
  190  14:14  SCV x3  
  185  14:17  Marine x9  
  180  14:32  Siege Tank x2  
  170  14:51  Marine x13  
  172  15:04  Siege Tank x2  
  122  15:29  Marine  
  106  15:36  Siege Tank x2  
  105  15:47  Marine  
  105  15:48  Marine x4  
  105  15:49  Marine x8  
  106  16:00  Planetary Fortress  
  106  16:01  SCV x2  
  106  16:02  SCV  
  109  16:05  Marine, Refinery  
  109  16:07  Refinery  
  110  16:13  SCV x2  
  110  16:17  Siege Tank x2  
  112  16:18  Marine  
  113  16:32  Marine x6  
  113  16:36  Marine  
  113  16:37  Marine x4  
  114  16:49  Siege Tank x2  
  114  16:50  Marine x5  
  123  17:04  Marine x8  
Tags
 
Add a new tag
Caveats
  • Supply blocks, unpowered buildings, or Contaminate may cause inaccurate times.
  • Supply counts are checked every 10 seconds.